 Dungeon Crawl Stone Soup version 0.28.0-53-g5a82cb258f (webtiles) character file.

Game seed: 12270801928660960981

17 Zeld the Firebug (level 2, 0/15 HPs)
             Began as a Deep Elf Fire Elementalist on May 22, 2022.
             Slain by a jackal (2 damage)
             ... on level 1 of the Dungeon.
             The game lasted 00:00:45 (704 turns).

Zeld the Firebug (Deep Elf Fire Elementalist)        Turns: 704, Time: 00:00:46

Health: 0/15       AC:  2    Str:  5    XL:     2   Next: 44%
Magic:  6/8        EV: 12    Int: 19    God:
Gold:   36         SH:  0    Dex: 15    Spells: 5/8 levels left

rFire   . . .      SeeInvis .   (no weapon)
rCold   . . .      Faith    .   (no shield)
rNeg    . . .      Spirit   .   a - +0 robe
rPois   .          Reflect  .   (no helmet)
rElec   .          Harm     .   (no cloak)
rCorr   .          Rampage  .   (no gloves)
Will    .....                   (no boots)
Stlth   ++........              (no amulet)
HPRegen 0.05/turn               (no ring)
MPRegen 0.11/turn               (no ring)

@: no status effects
A: no striking features
a: no special abilities


You were on level 1 of the Dungeon.
You visited 1 branch of the dungeon, and saw 1 of its levels.

You collected 36 gold pieces.

Inventory:

Armour
 a - a +0 robe (worn)
Scrolls
 b - a scroll of teleportation {unknown}
 c - a scroll of identify {unknown}


   Skills:
 - Level 2.4 Dodging
 - Level 2.4 Stealth
 * Level 3.6 Spellcasting
 + Level 1.5 Conjurations
 * Level 3.7 Fire Magic


You had 5 spell levels left.
You knew the following spells:

 Your Spells              Type           Power      Damage    Failure   Level
a - Foxfire               Conj/Fire      52%        2x1d6     4%          1
b - Scorch                Fire           34%        2d7       4%          2

Your spell library contained the following spells:

 Spells                   Type           Power      Damage    Failure   Level
 Conjure Flame            Conj/Fire      13%        6-21      14%         3
 Inner Flame              Hex/Fire       10%        N/A       21%         3
 Flame Wave               Conj/Fire      13%        2d6       43%         4


Dungeon Overview and Level Annotations

Branches:
Dungeon (1/15)

Altars:


Message History

Casting: Scorch (safe; 4% risk of failure)
Confirm with . or Enter, or press ? or * to list all spells.
Flames lash the jackal.
The jackal is heavily wounded.
The jackal's fire resistance burns away.
You hear an angry hiss.
The jackal barely misses you. The jackal closely misses you. x2
Casting: Scorch (safe; 4% risk of failure)
Confirm with . or Enter, or press ? or * to list all spells.
Flames lash the jackal.
The jackal is heavily wounded.
The jackal's fire resistance burns away.
You hear an angry hiss.
The jackal bites you. The jackal closely misses you. The jackal misses you.
The jackal barely misses you.
Unknown command.
You hit the jackal but do no damage.
The jackal is moderately wounded.
A ball python comes into view.
The jackal barely misses you. The jackal closely misses you. x3
You barely miss the jackal.
The jackal is moderately wounded.
The jackal is no longer more vulnerable to fire.
The jackal barely misses you. The jackal bites you. x2
The jackal barely misses you. The jackal bites you.
The jackal completely misses you.
The jackal is no longer more vulnerable to fire.
The jackal bites you.
An endoplasm comes into view.
The jackal bites you. The jackal misses you. The jackal bites you.
The jackal bites you but does no damage.
The jackal bites you.
* * * LOW HITPOINT WARNING * * *
The jackal misses you. The jackal bites you.
* * * LOW HITPOINT WARNING * * *
You see here a +0 club.
The jackal bites you.
You die...

.## #.# ##.## #.# ##.# #.##.#
..###...###...###...###..###.##..
...#.....#.....#.....#....##...รท.
....## ##.......## ##.....#....##
.....###....<....###......#.....#
......#...........#............#.
.......#####.#####.........#..##.
S.#.....###...###^....###..#..##.
h.##.....#.....#@..........#.....
#.###..[.h#####hh...#.####.#.###.
...w.....r.###......#.# #.#.###.
#.#####.....#hS.....#.# ##.#.#...
#.# ##...h)r........# #........
..# #.......#.#.#### #........ ###
####.#####.#.#.######....#..#
#...............#......#.....
#.##.#..##...##.#.###..###..#


You could see a quokka, 4 jackals and a ball python.

Vanquished Creatures
  An endoplasm (D:1)
  A goblin (D:1)
  4 hobgoblins (D:1)
  A kobold (D:1)
  2 ball pythons (D:1)
  3 bats (D:1)
  3 frilled lizards (D:1)
15 creatures vanquished.

Vanquished Creatures (others)
  36 foxfires (D:1)
36 creatures vanquished.

Grand Total: 51 creatures vanquished

Notes
Turn   | Place    | Note
-------+----------+-------------------------------------------
     0 | D:1      | Zeld the Deep Elf Fire Elementalist began the quest for the
                  | Orb.
     0 | D:1      | Reached XP level 1. HP: 10/10 MP: 6/6
   120 | D:1      | Found a faded altar of an unknown god.
   216 | D:1      | Reached XP level 2. HP: 15/15 MP: 1/8
   219 | D:1      | Learned a level 2 spell: Scorch
   704 | D:1      | Slain by a jackal

Illustrated notes

Levels and vault maps discovered:
D:1:      onia_arrival_pyramid, layout_loops_cross,
          hellmonk_ecumenical_altar_crossroads

Action                   || total
-------------------------++-------
Melee: Unarmed           ||     3
 Cast: Foxfire           ||    29
       Scorch            ||     8
Armor: Robe              ||     1
Dodge: Dodged            ||    18
